 Dungeon Crawl Stone Soup version 0.30-a0-311-gf115ab0292 (webtiles) character file.

Game seed: 6936046506026255464

2 Sobieck the Caller (level 1, -2/13 HPs)
             Began as a Mummy Summoner on Oct 25, 2022.
             Slain by a ball python (3 damage)
             ... on level 1 of the Dungeon.
             The game lasted 00:00:56 (291 turns).

Sobieck the Caller (Mummy Summoner)                  Turns: 291, Time: 00:00:57

Health: -2/13      AC:  2    Str: 11    XL:     1   Next: 25%
Magic:  1/4        EV:  9    Int: 14    God:
Gold:   0          SH:  0    Dex: 12    Spells: 4/5 levels left

rFire   x . .      SeeInvis .    (no weapon)
rCold   + . .      Faith    +    (no shield)
rNeg    + + +      Spirit   .    a - +0 robe
rPois   ∞          Reflect  .    (no helmet)
rElec   .          Harm     .    (no cloak)
rCorr   .          Rampage  .    (no gloves)
Will    .....                    (no boots)
Stlth   ++........               (no amulet)
HPRegen 0.22/turn                (no ring)
MPRegen 0.09/turn                (no ring)

@: constricted
A: cold resistance 1, negative energy resistance 3, torment resistance 2, heat
vulnerability 1, no potions, faith
a: no special abilities


You were on level 1 of the Dungeon.
You visited 1 branch of the dungeon, and saw 1 of its levels.


Innate Abilities, Weirdness & Mutations

You are immune to poison.
Your flesh is cold resistant. (rC+)
You are immune to negative energy. (rN+++)
You are immune to unholy pain and torment.
You are vulnerable to heat. (rF-)
You do not drink.
You have a special connection with the divine. (Faith)


   Skills:
 - Level 1.5 Dodging
 - Level 1.5 Stealth
 + Level 2.8 Spellcasting
 + Level 3.3 Summonings


You had 4 spell levels left.
You knew the following spells:

 Your Spells              Type           Power      Damage    Failure   Level
a - Summon Small Mammal   Summ           44%        N/A       5%          1

Your spell library contained the following spells:

 Spells                   Type           Power      Damage    Failure   Level
 Call Imp                 Summ           11%        N/A       9%          2
 Call Canine Familiar     Summ           11%        N/A       17%         3
 Summon Guardian Golem    Hex/Summ       6%         N/A       32%         3
 Summon Lightning Spire   Summ/Air       6%         N/A       73%         4

Inventory:

Missiles
 e - 5 javelins {throwing}
Armour
 a - a +0 robe (worn)
Scrolls
 b - a scroll of identify {unknown}
 c - a scroll of blinking {unknown}
 d - a scroll of teleportation {unknown}
 f - a scroll of silence {unknown}

Dungeon Overview and Level Annotations

Branches:
Dungeon (1/15) Zot: 5708

Altars:

#+ #.....# #. #.....+ #.
#.....# #. ...K.# #..# ##
. ... #..# #. #.#.# #.#
#..# # #.
.[#.#.#.###r####..###.###.
......b.K@S...............
.####.#.###.##.....# .....
# #.###.##.#..# ##### ###
#.#.........#
.....#.#.#.##.##.#
#.............##.########
######.#.#.##.##.#.......
#.#.#.##.##.#.#####.
#........##.#.# #.


You could see a ball python (ally target), a kobold (distracted, ally target), a
friendly bat (summoned) and a friendly rat (summoned).


Message History

You see here a scroll labelled FOGORONIPH.
c - a scroll labelled FOGORONIPH Your bat hits the hobgoblin.
The hobgoblin hits your bat.
Your bat hits the hobgoblin but does no damage.
The hobgoblin closely misses your bat.
Unknown command.
Your bat hits the hobgoblin but does no damage.
Your bat closely misses the hobgoblin.
Unknown command.
Unknown command.
Your bat completely misses the hobgoblin.
The hobgoblin barely misses your bat.
Unknown command.
Your bat hits the hobgoblin.
The hobgoblin dies!
Unknown command.
You see here a glowing dark potion.
Unknown command.
You start resting.
Unknown command.
You start resting.
Your bat disappears in a puff of smoke!
Unknown command.
Unknown command.
Unknown command.
Your rat disappears in a puff of smoke!
d - a scroll labelled NIOHAUBLUZ Unknown command.
e - 5 javelins {throwing}
Found a stone staircase leading down.
Unknown command.
A ball python comes into view.
The ball python hisses angrily.
Danger!
Danger!
Your bat closely misses the ball python. x2
You hit the ball python.
Your bat barely misses the ball python.
Your bat hits the ball python.
The ball python dies!
No target in view!
No target in view!
Unknown command.
Your bat disappears in a puff of smoke!
You see here a ball python corpse.
f - a scroll labelled ACEVOVVOEN Unknown command.
You see here a silvery potion.
A kobold comes into view. It is wielding a +0 whip.
The kobold shouts!
You hear an angry hiss.
Danger!
Unknown command.
A ball python comes into view.
The kobold throws a stone.
The stone hits you but does no damage. The ball python bites your rat.
The ball python grabs your rat. The ball python constricts your rat.
The ball python bites your rat.
Your rat dies!
Your rat's corpse disappears in a puff of smoke!
You closely miss the ball python. The ball python closely misses you.
The ball python barely misses you.
You closely miss the ball python. The ball python closely misses you.
The ball python barely misses you.
You hit the ball python. The ball python completely misses you.
The ball python closely misses you.
The kobold hits your bat with a +0 whip.
Your bat dies!
Your bat's corpse disappears in a puff of smoke!
The ball python bites you. The ball python closely misses you.
You barely miss the ball python. The ball python bites you.
The ball python grabs you. The ball python constricts you.
You hit the kobold but do no damage. The ball python barely misses you.
The ball python constricts you. The kobold hits you with a +0 whip.
* * * LOW HITPOINT WARNING * * *
Unknown command.
Casting: Summon Small Mammal (safe; 5% risk of failure)
Confirm with . or Enter, or press ? or * to list all spells.
The ball python bites you.
* * * LOW HITPOINT WARNING * * *
The ball python constricts you.
* * * LOW HITPOINT WARNING * * *
The kobold barely misses you.
Casting: Summon Small Mammal (safe; 5% risk of failure)
Confirm with . or Enter, or press ? or * to list all spells.
Your bat hits the kobold. The ball python closely misses you.
The ball python constricts you. The kobold hits you but does no damage.
Unknown command.
You closely miss the ball python.
Your bat barely misses the kobold.
The ball python barely misses you. The ball python constricts you.
* * * LOW HITPOINT WARNING * * *
Your bat hits the kobold. Your rat misses the ball python.
Your bat misses the kobold. The kobold hits you but does no damage.
The ball python bites you.
* * * LOW HITPOINT WARNING * * *
The ball python constricts you.
* * * LOW HITPOINT WARNING * * *
Unknown command.
You hit the ball python but do no damage.
Your bat hits the kobold. The ball python bites you.
You die...

Action                   || total
-------------------------++-------
Melee: Unarmed           ||    14
 Cast: Summon Small Mamm ||     9
Armor: Robe              ||     3
Dodge: Dodged            ||    17

Levels and vault maps discovered:
D:1:      elethiomel_arrival_shortcut, layout_basic, serial_bayou_pond_a,
          minmay_tiny_reverse_x

Notes
Turn   | Place    | Note
-------+----------+-------------------------------------------
     0 | D:1      | Sobieck the Mummy Summoner began the quest for the Orb.
     0 | D:1      | Reached XP level 1. HP: 13/13 MP: 4/4
   290 | D:1      | HP: 2/13 [ball python (2)]
   291 | D:1      | Slain by a ball python

Vanquished Creatures (collateral kills)
  A hobgoblin (D:1)
  A ball python (D:1)
2 creatures vanquished.

Table legend:
 A = Non-vault XP
 B = Vault XP
 C = Vault XP percentage of total XP
 D = Non-vault monster count
 E = Vault monster count
 F = Vault count percentage of total count
                 A         B        C        D         E       F
            +---------+---------+-------+---------+---------+-------
      Total |       3 |       0 |   0.0 |       2 |       0 |   0.0
            +---------+---------+-------+---------+---------+-------
        D:1 |       3 |       0 |   0.0 |       2 |       0 |   0.0
            +---------+---------+-------+---------+---------+-------

Illustrated notes

Table legend:
 A = Kills in this place as a percentage of kills in entire the game.
 B = Kills by you in this place as a percentage of kills by you in the entire game.
 C = Kills by friends in this place as a percentage of kills by friends in the entire game.
 D = Other kills in this place as a percentage of other kills in the entire game.
 E = Experience gained in this place as a percentage of experience gained in the entire game.
 F = Experience gained in this place divided by the number of levels of this place that you have seen.
                   A       B       C       D       E      F
               +-------+-------+-------+-------+-------+----------------------
         Total | 100.0 |   N/A | 100.0 |   N/A | 100.0 |   3.0
       Dungeon | 100.0 |   N/A | 100.0 |   N/A | 100.0 |   3.0
               +-------+-------+-------+-------+-------+----------------------

Table legend: (Time is in decaauts)
 A = Elapsed time spent in this place.
 B = Non-inter-level travel time spent in this place.
 C = Inter-level travel time spent in this place.
 D = Time resting spent in this place.
 E = Time spent auto-exploring this place.
 F = Levels seen in this place.
 G = Mean time per level.
                   A        B        C        D        E       F      G
               +--------+--------+--------+--------+--------+-----+--------+
         Total |    291 |    291 |      0 |     17 |    224 |   1 |  291.0 |
       Dungeon |    291 |    291 |      0 |     17 |    224 |   1 |  291.0 |
               +--------+--------+--------+--------+--------+-----+--------+

Top non-repeatable levels by time:
     D:1: 291 daAuts
